 Dungeon Crawl Stone Soup version 0.23-a0-183-gf37f6fb109 (webtiles) character file.

646271 Jesh the Archmage (level 27, -6/155 HPs)
             Began as a Spriggan Enchanter on Sept 22, 2018.
             Was the Champion of Dithmenos.
             Engulfed by an ushabti's foul pestilence (15 damage)
             ... on level 16 of a ziggurat.
             The game lasted 05:33:57 (94782 turns).

Jesh the Archmage (Spriggan Enchanter)             Turns: 94782, Time: 05:33:58

Health: -6/155     AC: 13    Str: 20 (24) XL:     27
Magic:  55/55      EV: 52    Int: 16 (19) God:    Dithmenos [******]
Gold:   5515       SH:  0    Dex: 30      Spells: 14/80 levels left

rFire    + . .     SeeInvis +   r - +5 quick blade "Vegiutag" {pierce, *Contam rElec Str+8}
rCold    . . .     Gourm    .   (shield restricted)
rNeg     . . .     Faith    .   n - +2 robe {Archmagi}
rPois    .         Spirit   .   f - +2 hat
rElec    +         Reflect  .   O - +2 cloak {MR+}
rCorr    .         Harm     .   (gloves unavailable)
MR       +++++     Rnd*Rage +   (boots unavailable)
Stlth    ++++++++++             u - amulet "Ibuoc" {rElec Regen+ Dex+5 Stlth+}
HPRegen  0.75/turn              t - ring of Egra {MR- Str+6 Dex+6}
MPRegen  0.34/turn              R - ring of Phasing {EV+8}

@: lethally poisoned (-6 -> -13), very slightly contaminated, slowed, wreathed
by umbra, studying Throwing, heavily drained, quick
A: very small, unfitting armour, repulsion field 1, icy blue scales 1, slimy
green scales 1, see invisible, berserk 1, fire resistance 1, herbivore, speed 3,
magic resistance 1, slow metabolism 2, weak 1, evolution 1
}: 3/15 runes: decaying, serpentine, silver
a: Shadow Step, Shadow Form, Renounce Religion


You were on level 16 of a ziggurat.
You worshipped Dithmenos.
Dithmenos was exalted by your worship.
You were full.

You visited 12 branches of the dungeon, and saw 53 of its levels.
You visited 1 bazaar.
You visited 1 ziggurat, and saw 16 of its levels.
You also visited: Labyrinth and Ice Cave.

You collected 10685 gold pieces.
You spent 5170 gold pieces at shops.

Inventory:

Hand Weapons
 r - the +5 quick blade "Vegiutag" (weapon) {pierce, *Contam rElec Str+8}
   (You acquired it on level 5 of the Lair of Beasts)

   It inflicts extra damage upon your enemies.
   It affects your strength (+8).
   It insulates you from electricity.
   It causes magical contamination when unequipped.
 C - a +6 rapier of flaming
 F - a +9 rapier of electrocution
Missiles
 U - 6 throwing nets (quivered)
Armour
 f - a +2 hat (worn)
 n - a +2 robe of the Archmagi (worn)
 O - a +2 cloak of magic resistance (worn)
Jewellery
 j - an uncursed ring of protection from fire
 t - the ring of Egra (left hand) {MR- Str+6 Dex+6}
   (You found it on level 1 of the Vaults)

   [ring of dexterity]

   It affects your strength (+6).
   It affects your dexterity (+6).
   It affects your resistance to hostile enchantments.
 u - the amulet "Ibuoc" (around neck) {rElec Regen+ Dex+5 Stlth+}
   (You took it off a minotaur in a labyrinth)

   [amulet of regeneration]

   It affects your dexterity (+5).
   It insulates you from electricity.
   It increases your rate of regeneration.
   It makes you more stealthy.
 G - a +4 ring of protection
 M - the ring "Muh Koga" {rF+++ MR- AC+2 Dex-4 Stlth+}
   (You found it on level 10 of a ziggurat)

   [ring of protection]

   It affects your AC (+2).
   It affects your dexterity (-4).
   It renders you almost immune to fire.
   It affects your resistance to hostile enchantments.
   It makes you more stealthy.
 R - the ring of Phasing (right hand) {EV+8}
   (You found it on level 11 of a ziggurat)

   [ring of evasion]

   It affects your evasion (+8).
Wands
 g - a wand of enslavement (60)
 w - a wand of digging (80)
 A - a wand of paralysis (38)
 D - a wand of iceblast (73)
 I - a wand of disintegration (41)
 L - a wand of scattershot (22)
 P - a wand of acid (39)
Scrolls
 b - 8 scrolls of immolation
 c - 2 scrolls of vulnerability
 h - 4 scrolls of magic mapping
 i - 11 scrolls of enchant armour
 l - 7 scrolls of fog
 p - a scroll of silence
 q - 11 scrolls of amnesia
 x - 4 scrolls of summoning
 y - 8 scrolls of identify
 E - 24 scrolls of teleportation
 H - 31 scrolls of remove curse
 V - 8 scrolls of fear
Potions
 e - 2 potions of might
 m - 12 potions of mutation
 o - 14 potions of curing
 s - a potion of agility
 v - 7 potions of magic
 z - 2 potions of berserk rage
 B - 5 potions of invisibility
 J - 2 potions of ambrosia
 N - 4 potions of resistance
 Q - 5 potions of cancellation
 S - 7 potions of flight
 T - 8 potions of brilliance
 Z - 2 potions of haste
Books
 W - a manual of Throwing
Miscellaneous
 k - 3 phantom mirrors
Comestibles
 d - 17 rations


   Skills:
 - Level 19.5(17.7) Fighting
 - Level 14.0(12.4) Short Blades
 - Level 25.0(23.0) Dodging
 - Level 25.3(23.3) Stealth
 O Level 27(24.9) Spellcasting
 - Level 23.2(21.3) Hexes
 - Level 10.0(8.5) Charms
 - Level 10.0(8.5) Summonings
 - Level 8.0(6.6) Necromancy
 + Level 4.9(3.7) Ice Magic
 - Level 6.0(4.7) Air Magic


You had 14 spell levels left.
You knew the following spells:

 Your Spells              Type           Power        Failure   Level  Hunger
a - Ensorcelled Hibernat  Hex/Ice        ######       1%          2    None
b - Corona                Hex            #######      0%          1    None
c - Confuse               Hex            #######.     0%          3    None
d - Tukima's Dance        Hex            #######.     0%          3    None
e - Dazzling Spray        Conj/Hex       ######       1%          3    None
f - Summon Mana Viper     Hex/Summ       #######.     1%          5    #......
g - Cause Fear            Hex            #######...   0%          4    None
h - Invisibility          Hex            #######.     1%          6    ####...
i - Silence               Hex/Air        #######...   1%          5    #......
j - Discord               Hex            #######...   1%          8    #######
k - Dispel Undead         Necr           ######..     3%          5    #......
l - Shadow Creatures      Summ           N/A          9%          6    ####...
m - Deflect Missiles      Chrm/Air       ######....   21%         6    ####...
n - Glaciate              Conj/Ice       #####.....   100%        9    #######

Your spell library contained the following spells:

 Spells                   Type           Power        Failure   Level  Hunger
 Confusing Touch          Hex            ######       0%          1    None
 Slow                     Hex            #######.     0%          2    None
 Spectral Weapon          Hex/Chrm       #######.     0%          3    None
 Animate Skeleton         Necr           N/A          1%          1    None
 Apportation              Tloc           ####..       1%          1    None
 Beastly Appendage        Tmut           ####..       1%          1    None
 Flame Tongue             Conj/Fire      ####.        1%          1    None
 Freeze                   Ice            ####         1%          1    None
 Infusion                 Chrm           ####         1%          1    None
 Magic Dart               Conj           ####         1%          1    None
 Pain                     Necr           ####         1%          1    None
 Shock                    Conj/Air       ####         1%          1    None
 Summon Butterflies       Summ           ######..     1%          1    None
 Summon Small Mammal      Summ           ####         1%          1    None
 Call Imp                 Summ           ######..     1%          2    None
 Corpse Rot               Necr           N/A          1%          2    None
 Poisonous Vapours        Pois/Air       #####.       1%          2    None
 Shroud of Golubria       Chrm/Tloc      ######....   1%          2    None
 Song of Slaying          Chrm           ######..     1%          2    None
 Sublimation of Blood     Necr           ######....   1%          2    None
 Swiftness                Chrm/Air       ######..     1%          2    None
 Throw Frost              Conj/Ice       #####.       1%          2    None
 Call Canine Familiar     Summ           ######..     1%          3    None
 Inner Flame              Hex/Fire       ######..     1%          3    None
 Ozocubu's Armour         Chrm/Ice       ######..     1%          3    None
 Portal Projectile        Hex/Tloc       ######       1%          3    None
 Recall                   Summ/Tloc      N/A          1%          3    None
 Regeneration             Chrm/Necr      ######....   1%          3    None
 Vampiric Draining        Necr           ######....   1%          3    None
 Animate Dead             Necr           N/A          1%          4    None
 Fulminant Prism          Conj/Hex       ######....   1%          4    None
 Leda's Liquefaction      Hex/Erth       ######....   1%          4    None
 Summon Ice Beast         Ice/Summ       ######..     1%          4    None
 Summon Lightning Spire   Summ/Air       ######..     1%          4    None
 Metabolic Englaciation   Hex/Ice        ######....   1%          5    #......
 Yara's Violent Unravell  Hex/Tmut       ######....   1%          5    #......
 Darkness                 Hex            #######...   1%          6    ####...
 Static Discharge         Conj/Air       #####...     2%          3    None
 Airstrike                Air            ######....   2%          4    None
 Excruciating Wounds      Chrm/Necr      ######....   2%          5    #......
 Blink                    Tloc           N/A          3%          2    None
 Passwall                 Tmut/Erth      ####....     3%          2    None
 Searing Ray              Conj           ####..       3%          2    None
 Sticks to Snakes         Tmut           ####....     3%          2    None
 Throw Flame              Conj/Fire      ####..       3%          2    None
 Mephitic Cloud           Conj/Pois/Air  #####...     3%          3    None
 Agony                    Necr           ######..     3%          5    #......
 Conjure Flame            Conj/Fire      ####....     6%          3    None
 Gell's Gravitas          Tloc           ####......   6%          3    None
 Ignite Poison            Fire/Tmut/Pois ####....     6%          3    None
 Lesser Beckoning         Tloc           ####......   6%          3    None
 Spider Form              Tmut/Pois      ####......   6%          3    None
 Stone Arrow              Conj/Erth      ####..       6%          3    None
 Teleport Other           Tloc           ####....     6%          3    None
 Ice Form                 Ice/Tmut       #####...     9%          4    None
 Throw Icicle             Conj/Ice       #####...     9%          4    None
 Iskenderun's Battlesphe  Conj/Chrm      ######..     10%         5    #......
 Summon Forest            Summ/Tloc      ######....   10%         5    #......
 Bolt of Draining         Conj/Necr      #####.....   14%         5    #......
 Borgnjor's Vile Clutch   Necr/Erth      #####.....   14%         5    #......
 Force Lance              Conj/Tloc      ####....     21%         4    None
 Iskenderun's Mystic Bla  Conj           ####....     21%         4    None
 Olgreb's Toxic Radiance  Pois           ####....     21%         4    None
 Passage of Golubria      Tloc           N/A          21%         4    None
 Petrify                  Tmut/Erth      ####....     21%         4    None
 Sticky Flame             Conj/Fire      ####....     21%         4    None
 Lightning Bolt           Conj/Air       #####.....   21%         5    #......
 Death Channel            Necr           ######....   21%         6    ####...
 Simulacrum               Ice/Necr       ######....   34%         6    ####...
 Summon Hydra             Summ           ######....   43%         7    ######.
 Alistair's Intoxication  Tmut/Pois      ####....     50%         5    #......
 Blade Hands              Tmut           ####......   50%         5    #......
 Bolt of Magma            Conj/Fire/Erth ####......   50%         5    #......
 Fireball                 Conj/Fire      ####......   50%         5    #......
 Irradiate                Conj/Tmut      ####......   50%         5    #......
 Lee's Rapid Deconstruct  Erth           ####......   50%         5    #......
 Venom Bolt               Conj/Pois      ####......   50%         5    #......
 Ozocubu's Refrigeration  Ice            #####.....   54%         6    ####...
 Freezing Cloud           Conj/Ice/Air   #####.....   67%         6    ####...
 Conjure Ball Lightning   Conj/Air       #####.....   75%         6    ####...
 Bolt of Cold             Conj/Ice       #####.....   80%         6    ####...
 Malign Gateway           Summ/Tloc      ######....   96%         7    ######.
 Ring of Flames           Chrm/Fire      ######....   96%         7    ######.
 Spellforged Servitor     Conj/Summ      ######....   96%         7    ######.
 Bolt of Fire             Conj/Fire      ####......   97%         6    ####...
 Hydra Form               Tmut           ####......   97%         6    ####...
 Iron Shot                Conj/Erth      ####......   97%         6    ####...
 Poison Arrow             Conj/Pois      ####......   97%         6    ####...
 Statue Form              Tmut/Erth      ####.....    97%         6    ####...
 Dragon Form              Tmut           ####......   100%        7    ######.
 Orb of Destruction       Conj           ####......   100%        7    ######.
 Chain Lightning          Conj/Air       #####.....   100%        8    #######
 Ignition                 Fire           ####......   100%        8    #######
 Lehudib's Crystal Spear  Conj/Erth      ####......   100%        8    #######
 Dragon's Call            Summ           ######....   100%        9    #######
 Fire Storm               Conj/Fire      ####......   100%        9    #######
 Shatter                  Erth           ####......   100%        9    #######
 Tornado                  Air            ######....   100%        9    #######


Dungeon Overview and Level Annotations

Branches:
Dungeon (15/15)            Temple (1/1) D:4            Lair (6/6) D:11
  Swamp (4/4) Lair:4        Snake (4/4) Lair:3        Slime (1/5) Lair:6
    Orc (2/2) D:10            Elf (3/3) Orc:2        Vaults (5/5) D:13
  Crypt (3/3) Vaults:2       Tomb (0/3) Crypt:3      Depths (5/5) D:15
    Zot (4/5) Depths:5

Altars:
Ashenzari
Cheibriados
Dithmenos
Elyvilon
Fedhas
Gozag
Hepliaklqana
Kikubaaqudgha
Makhleb
Nemelex Xobeh
Okawaru
Qazlal
Ru
Sif Muna
Trog
Uskayaw
Vehumet
Wu Jian
Xom
Yredelemnul
Zin
The Shining One
Beogh

Shops:
D:9 (   D:11 (   Orc:2 (=[*   Elf:3 *   Snake:1 ?**?   Snake:2 *   Snake:3 :
Vaults:2 }   Vaults:3 (   Depths:1 *

Portals:
Hell: Depths:1 Depths:2 Depths:3 Depths:4 Depths:5
Abyss: Depths:4
Pandemonium: Depths:1 Depths:3 Depths:5

Annotations:
D:15 1 runed door
Snake:3 exclusion: downstairs
Crypt:2 Boris


Innate Abilities, Weirdness & Mutations

You are very small and have problems with some larger weapons.
You are too small for most types of armour.
You have supernaturally acute eyesight. (SInv)
You are a herbivore.
You cover ground extremely quickly.
You need to consume almost no food.
You are surrounded by a mild repulsion field. (EV +2)
You are partially covered in icy blue scales. (AC +2)
You are partially covered in slimy green scales. (AC +2)
You tend to lose your temper in combat.
Your flesh is heat resistant. (rF+)
You are resistant to hostile enchantments. (MR+)
You are weak. (Str -2)
You evolve.


Message History

The iron dragon skeleton claws you!
* * * LOW HITPOINT WARNING * * *
The iron dragon skeleton completely misses you.
You hit the greater mummy.
The greater mummy is moderately damaged.
The guardian mummy is no longer dazed.
The greater mummy points at you and mumbles some strange words.
Something smites you!
* * * LOW HITPOINT WARNING * * *
The ushabti shakes and rattles.
The vile air hits the reaper.
The vile air hits the iron dragon skeleton.
The vile air hits you!
The vile air hits the greater mummy.
Unknown command.
Unknown command.
Okay, then.
Unknown command.
You feel better.
You are engulfed in dark miasma.
You are poisoned.
You die...

▓▓....§§§§.....▓▓
▓......§.§......▓▓
}.....#...#......▓▓
M?...##...##......▓▓
Z?.......M.........▓▓
M).....Z.8S.......∩.▓
M?..M.MMS23........▓▓
:....##MMZ##......▓▓
......#s.@#......▓▓
▓.....s.sMb8....▓▓
........s....▓▓
▓...........▓▓
▓▓▓▓▓▓▓▓▓▓▓▓▓


You could see 3 greater mummies, 4 emperor scorpions, a reaper, a bennu (inner
flame), a soul eater, 2 mana vipers, a guardian mummy, 2 ushabtiu, 3 mummies, an
iron dragon zombie and an iron dragon skeleton.

Vanquished Creatures
  2 orbs of fire
  Mara (Vaults:3)
  The ghost of Siennil the Merfolkian Porcupine, a legendary MfGl of Hepliaklqana (Zot:1)
  2 juggernauts
  Saint Roka (Orc:2)
  Vashnia (Snake:3)
  A Killer Klown (Zig:7)
  A caustic shrike (Depths:2)
  Xtahua (Crypt:2)
  The ghost of Vigato the Warrior, an adept MiFi of Okawaru (Vaults:4)
  7 golden dragons
  An electric golem (Zot:4)
  A Brimstone Fiend (Zig:12)
  An iron giant (Zig:9)
  A hellephant (Zig:13)
  7 liches
  2 Hell Sentinels
  5 tentacled monstrosities
  4 deep elf blademasters
  4 titans (Vaults:5)
  An Ice Fiend (IceCv)
  5 quicksilver dragons
  3 sphinxes
  Asterion (Depths:3)
  2 deep elf master archers (Elf:3)
  12 death cobs
  An eldritch tentacle (Zot:1)
  7 tengu reavers
  3 ancient champions
  8 storm dragons
  2 thorn hunters
  8 shadow dragons
  Kirke (Lair:5)
  Donald (Crypt:2)
  The ghost of Imuprial the Warrior, a journeyman MiFi of Okawaru (Swamp:2)
  8 draconian monks
  10 fire giants
  6 nagarajas
  An iron dragon (Vaults:5)
  8 frost giants
  4 revenants
  8 draconian knights
  9 deep elf sorcerers
  4 ghost moths
  11 vault wardens
  A balrug (Depths:5)
  A curse skull (Crypt:3)
  2 emperor scorpions (Depths:2)
  An angel (Depths:2)
  11 ghouls
  4 draconian scorchers
  2 draconian shifters
  4 orc warlords
  The ghost of P0WERM0DE the Champion of Chaos, a journeyman DDFi of Makhleb (Snake:4)
  12 ironheart preservers
  3 deep elf elementalists
  A juggernaut zombie (Zig:12)
  3 draconian annihilators
  3 draconian stormcallers (Depths:5)
  A caustic shrike skeleton (Zig:12)
  28 stone giants
  3 reapers
  38 very ugly things
  3 war gargoyles
  7 vampire knights
  10 red draconians
  An entropy weaver (Vaults:4)
  7 deep elf demonologists
  10 yellow draconians
  8 deep elf annihilators
  5 green draconians
  10 black draconians
  9 purple draconians
  A dire elephant (Zig:13)
  A minotaur (Lab)
  11 white draconians
  A spark wasp (shapeshifter) (Vaults:5)
  3 eidola (Crypt:3)
  6 spark wasps
  2 blizzard demons
  15 ettins
  3 deep elf death magi
  A crystal guardian (Vaults:4)
  8 mummy priests
  5 deep elf high priests
  22 fire dragons
  7 jiangshi (Crypt:2)
  3 rakshasas
  14 yaktaur captains
  3 great orbs of eyes
  3 vault guards (Vaults:2)
  2 spriggan air magi
  13 hydras
  18 ice dragons
  2 catoblepae
  20 naga warriors
  13 centaur warriors
  The ghost of tidbits the Summoner, a journeyman GnSu of Cheibriados (D:12)
  3 death knights
  14 alligators
  6 shambling mangroves
  10 anacondas
  Erica (D:9)
  2 ghost crabs
  A two-headed ogre (shapeshifter) (Vaults:5)
  7 ogre magi
  32 dancing weapons
  8 deep troll shamans
  33 two-headed ogres
  3 death yaks (Lair:6)
  A spectral stone giant (Crypt:3)
  3 death scarabs
  6 vampire magi
  2 orc high priests
  2 tengu warriors
  16 naga sharpshooters
  7 shock serpents
  A thrashing horror (Zig:3)
  Urug (Lair:1)
  3 spriggan berserkers
  Nergalle (Orc:2)
  5 deep troll earth magi
  2 soul eaters (Depths:5)
  14 naga magi
  A sun demon (Depths:2)
  A titan skeleton (Zig:12)
  20 shadow wraiths
  8 iron trolls
  21 deep elf knights
  A wretched star (Zig:3)
  18 skeletal warriors
  A storm dragon skeleton (Vaults:4)
  5 salamander mystics
  2 quicksilver dragon simulacra (Depths:5)
  17 deep trolls
  A spriggan druid (Zig:5)
  A tengu zombie (Zig:12)
  5 glowing orange brains
  The ghost of Napalmbreeze the Destroyer, a novice TeAE of Vehumet (D:9)
  3 unseen horrors
  A shadow dragon zombie (Zig:9)
  9 swamp dragons
  3 naga ritualists
  10 flayed ghosts
  9 ironbrand convokers
  25 phantasmal warriors
  A spectral iron dragon (Crypt:3)
  22 deep elf archers
  2 golden dragon skeletons
  The ghost of Sar the Nimble, a novice DEAK of Lugonu (D:9)
  A spectral wolf spider (D:12)
  5 necromancers
  11 orc knights
  7 wizards
  An iron dragon zombie (Zig:12)
  A harpy (shapeshifter) (Depths:3)
  4 lindwurms
  A frost giant zombie (Zig:9)
  3 fire giant zombies
  6 oklob plants (Zig:10)
  13 mana vipers
  3 harpies (Vaults:1)
  2 human zombies
  A sphinx zombie (Zig:9)
  5 orc sorcerers
  42 ugly things
  5 cyclopes
  13 salamanders
  5 wolf spiders
  3 spectral centaurs (D:12)
  61 deep elf magi
  4 elephants (Lair:5)
  16 moths of wrath
  6 guardian serpents
  5 rust devils (Depths:5)
  6 torpor snails (Lair:6)
  2 ice statues
  24 black mambas
  17 vault sentinels
  A gargoyle (D:15)
  2 blink frogs (Swamp:2)
  A rime drake (shapeshifter) (D:14)
  28 spiny frogs
  A white draconian zombie (Crypt:2)
  A hellion (Zig:9)
  A yaktaur zombie (Vaults:3)
  2 kobold demonologists (D:14)
  9 rime drakes
  31 yaktaurs
  17 freezing wraiths
  6 anaconda simulacra (IceCv)
  10 ice devils
  A death yak skeleton (Crypt:3)
  10 komodo dragons
  A sea snake zombie (Crypt:3)
  11 guardian mummies (Zig:16)
  A golden dragon simulacrum (IceCv)
  An ancient zyme (Zig:3)
  A jumping spider (shapeshifter) (Vaults:2)
  A red draconian skeleton (Crypt:3)
  2 red devils (Depths:5)
  13 trolls
  A jumping spider (Vaults:4)
  27 hornets
  2 satyr zombies
  A wind drake (shapeshifter) (Depths:2)
  A slime creature (shapeshifter) (Depths:3)
  8 dream sheep
  8 tyrant leeches
  20 slime creatures
  6 hippogriffs
  A meliai zombie (D:13)
  20 bog bodies
  An ice dragon skeleton (Crypt:3)
  A spectral swamp dragon (Crypt:3)
  A hippogriff (shapeshifter) (Depths:3)
  A spectral manticore (Crypt:3)
  18 flying skulls
  7 redbacks
  2 air elementals (Elf:2)
  5 centaur simulacra
  A spriggan (shapeshifter) (Depths:3)
  6 spriggans
  10 shadows
  A fire dragon skeleton (Crypt:1)
  3 vampires
  8 water elementals
  A wyvern (shapeshifter) (Vaults:5)
  16 wraiths
  An ushabti (Zig:16)
  2 fire elementals
  2 hogs (D:13)
  12 wyverns
  3 dire elephant simulacra (IceCv)
  A wind drake zombie (Crypt:1)
  A human (shapeshifter) (Vaults:1)
  A human (D:13)
  10 hungry ghosts
  3 basilisks
  40 yaks
  An elf skeleton (Zig:12)
  10 steam dragons
  24 vampire mosquitoes
  15 swamp worms
  3 wargs
  2 harpy simulacra (IceCv)
  A spectral spiny frog (Crypt:3)
  2 iron troll simulacra (IceCv)
  28 nagas
  37 water moccasins
  8 insubstantial wisps
  An acid dragon (D:14)
  A hell hound (Zig:12)
  2 soldier ants (shapeshifter)
  A spectral snapping turtle (Crypt:3)
  7 porcupines
  5 hydra simulacra (IceCv)
  A floating eye (Depths:3)
  3 swamp drakes
  44 orc warriors
  7 sky beasts
  A black bear (shapeshifter) (Vaults:2)
  A sky beast (shapeshifter) (D:13)
  A lindwurm zombie (Crypt:1)
  3 ice beasts
  8 necrophages
  An elf zombie (Vaults:4)
  3 black bears
  4 eyes of draining
  7 phantoms
  5 ettin simulacra
  A swamp dragon zombie (Crypt:2)
  18 wolves
  A manticore skeleton (Crypt:1)
  24 ogres
  19 centaurs
  12 crocodiles
  A dream sheep skeleton (Crypt:2)
  5 big kobolds
  A big kobold (shapeshifter) (Vaults:1)
  31 bullfrogs
  3 earth elementals
  2 wyvern zombies
  A draconian skeleton (Crypt:1)
  A water moccasin zombie (Crypt:2)
  A wyvern skeleton (D:12)
  A hornet simulacrum (D:12)
  4 scorpions
  A water moccasin skeleton (Crypt:3)
  34 killer bees
  2 human simulacra
  14 wights
  A yak skeleton (Crypt:2)
  6 howler monkeys
  A spriggan skeleton (Lab)
  A troll skeleton (Lab)
  An electric eel (Lair:4)
  8 crimson imps
  4 lava snakes (Lab)
  A bullfrog zombie (D:11)
  6 centaur zombies
  2 draconian simulacra (IceCv)
  6 hounds
  A wolf skeleton (Crypt:1)
  28 orc priests
  2 jellies
  6 centaur skeletons
  An iron imp (Depths:1)
  A bullfrog skeleton (D:5)
  23 orc wizards
  6 iguanas
  A troll simulacrum (IceCv)
  A lightning spire (Zig:7)
  4 worker ants
  2 spriggan simulacra (IceCv)
  A wolf simulacrum (IceCv)
  2 ogre skeletons (Lab)
  A hound zombie (D:8)
  17 mummies
  17 adders
  6 gnolls
  4 naga simulacra (IceCv)
  3 shadow imps
  6 white imps (IceCv)
  9 ufetubi (IceCv)
  An ooze (D:3)
  3 adder skeletons
  5 worms
  4 ball lightnings
  2 dart slugs
  8 leopard geckos
  105 orcs
  6 giant cockroaches
  5 goblins
  6 hobgoblins
  16 jackals
  19 kobolds
  5 quokkas
  A ball python (Lair:3)
  8 bats
  5 frilled lizards
  A goblin skeleton (Crypt:1)
  A jackal zombie (Crypt:1)
  A leopard gecko skeleton (D:6)
  A leopard gecko zombie (Crypt:2)
  5 rats
  A briar patch (Swamp:4)
  A plant (Lair:1)
2391 creatures vanquished.

Vanquished Creatures (collateral kills)
  An ancient lich (Vaults:5)
  Sojobo (Vaults:3)
  2 Killer Klowns (Zig:7)
  4 caustic shrikes (Zig:15)
  2 golden dragons
  Nikola (Depths:2)
  2 tentacled monstrosities
  2 Hell Sentinels
  A shard shrike skeleton (Crypt:3)
  2 sphinxes
  3 thorn hunters (Swamp:4)
  2 tengu reavers
  2 draconian monks
  4 storm dragons
  A daeva (D:15)
  A fire giant (Depths:4)
  5 nagarajas
  2 iron dragons (Vaults:5)
  3 vault wardens
  A draconian knight (Depths:5)
  An orc warlord (Zig:10)
  2 deep elf sorcerers (Elf:3)
  A corrupter (Zig:14)
  A draconian shifter (Depths:5)
  2 ironheart preservers
  A draconian annihilator (Zot:2)
  A deep elf elementalist (Elf:3)
  A reaper (Zig:9)
  5 very ugly things
  A draconian stormcaller (Depths:5)
  4 green draconians
  2 war gargoyles
  3 entropy weavers (Zig:15)
  6 stone giants
  The ghost of P0WERM0DE the Champion of Chaos, a journeyman DDFi of Makhleb (Swamp:2)
  A deep elf demonologist (Depths:5)
  2 purple draconians
  4 red draconians
  2 white draconians (Zot:2)
  3 deep elf annihilators
  5 spark wasps (Depths:5)
  A yellow draconian (Zot:2)
  An ettin (Vaults:5)
  2 green deaths
  A deep elf death mage (Elf:3)
  A crystal guardian (Zig:15)
  A yaktaur captain (Depths:4)
  A deep elf high priest (Depths:5)
  A fire dragon (Depths:4)
  A great orb of eyes (Vaults:5)
  5 naga warriors
  17 hydras
  20 vault guards (Vaults:5)
  7 two-headed ogres
  2 catoblepae (Zig:13)
  An alligator snapping turtle (shapeshifter) (Zig:6)
  A catoblepas (shapeshifter) (Zig:7)
  3 alligators (Zig:11)
  3 shambling mangroves
  2 anacondas
  2 deep troll shamans
  A dancing weapon (Depths:2)
  A satyr (shapeshifter) (Vaults:5)
  3 deep troll earth magi
  4 ogre magi
  6 naga sharpshooters
  A soul eater (Depths:5)
  A spriggan berserker (Depths:5)
  An orc high priest (Zig:10)
  A sun demon (Depths:5)
  An iron troll (Depths:5)
  4 iron golems (Zig:15)
  7 deep trolls
  5 swamp dragons
  An obsidian statue (Zig:6)
  2 spriggan druids
  2 death drakes (Zig:11)
  An ironbrand convoker (Vaults:4)
  2 orc knights
  3 naga ritualists (Snake:4)
  A deep elf archer (Elf:3)
  A large abomination (Zig:14)
  An oklob plant (Zig:10)
  3 mana vipers
  5 deep elf magi
  4 wolf spiders
  4 ugly things
  3 salamanders
  3 vault sentinels
  A rust devil (Depths:5)
  5 black mambas
  4 guardian serpents (Snake:4)
  5 naga magi
  A torpor snail (Zig:15)
  An elephant slug zombie (Crypt:2)
  3 gargoyles (Zig:15)
  A rime drake (Zig:13)
  5 spiny frogs
  4 efreet
  A hellion (Zig:14)
  7 yaktaurs
  A red devil (Depths:5)
  A sea snake skeleton (Crypt:3)
  7 hornets
  A polar bear (Zig:13)
  A bog body (Zig:11)
  2 slime creatures
  3 blink frogs
  3 tyrant leeches
  2 hippogriffs (Zig:13)
  2 spriggans
  A redback (Depths:2)
  An elf zombie (Zig:12)
  A yak (shapeshifter) (Vaults:2)
  A yak (Zig:13)
  A shadow (Zig:8)
  A tarantella (Depths:2)
  A fire elemental (Depths:2)
  A wyvern (Zig:13)
  A wraith (Depths:5)
  3 chaos spawn
  2 vampire mosquitoes
  25 nagas
  A warg (Zig:10)
  A warg (shapeshifter) (Vaults:5)
  A swamp worm (Swamp:3)
  3 water moccasins (Zig:13)
  An acid dragon (Vaults:2)
  6 orc warriors
  7 swamp drakes
  8 ogres
  5 crocodiles (Zig:13)
  A big kobold (shapeshifter) (Vaults:3)
  2 earth elementals (Zig:15)
  A gnoll (D:4)
  2 orcs (D:10)
  A giant cockroach (D:7)
376 creatures vanquished.

Vanquished Creatures (others)
  An iron giant (Zig:9)
  A lich (Zig:12)
  A sphinx (Vaults:2)
  A draconian monk (Depths:5)
  A warmonger (Zig:14)
  2 nagarajas (Snake:4)
  A fire giant (Depths:2)
  An iron dragon (Vaults:5)
  A deep elf elementalist (Elf:3)
  2 reapers (Zig:14)
  A very ugly thing (Depths:3)
  A blood saint (Zig:14)
  A stone giant (Zig:15)
  A deep elf demonologist (Elf:3)
  A red draconian (Depths:2)
  2 white draconians
  3 deep elf annihilators
  A blizzard demon (Zig:14)
  A deep elf death mage (Elf:3)
  A deep elf high priest (Elf:3)
  A yaktaur captain (Depths:1)
  2 great orbs of eyes (Vaults:1)
  A naga sharpshooter (Snake:4)
  An ice dragon (Depths:2)
  A spriggan air mage (Depths:4)
  4 vault guards (Vaults:5)
  5 hydras
  2 two-headed ogres (Vaults:3)
  A shambling mangrove (Zig:8)
  An orc high priest (Zig:10)
  A spriggan berserker (Depths:3)
  An ironbrand convoker (Vaults:5)
  A sixfirhy (Zig:14)
  2 sun demons (Depths:5)
  A deep elf knight (Elf:3)
  A swamp dragon (Depths:2)
  2 deep trolls (Depths:3)
  A flayed ghost (Zig:12)
  3 naga ritualists (Snake:4)
  A deep elf archer (Vaults:4)
  An orc knight (Zig:10)
  A hornet (Zig:8)
  An orc sorcerer (Zig:10)
  4 deep elf magi
  2 salamanders
  An elephant (Zig:13)
  2 guardian serpents (Snake:4)
  2 rust devils (Depths:5)
  2 black mambas
  2 vault sentinels
  2 naga magi (Snake:4)
  2 orange demons (Zig:14)
  A torpor snail (Zig:15)
  An efreet (Depths:5)
  A rime drake (shapeshifter) (Vaults:3)
  2 hellions (Zig:12)
  A yaktaur (Depths:3)
  A tormentor (Zig:14)
  3 red devils
  A blink frog (Swamp:2)
  A wraith (Depths:5)
  6 humans
  2 chaos spawn (Zig:6)
  A dancing weapon (D:4)
  2 wargs (Zig:10)
  3 nagas
  2 water moccasins (Zig:13)
  4 hell hounds
  3 swamp drakes
  An orc warrior (D:10)
  2 ogres
  3 crocodiles (Zig:13)
  A wight (Zig:12)
  An electric eel (Elf:1)
  An orc (Orc:2)
  3 briar patches (Swamp:4)
  3 fungi
  14 plants
  10 withered plants
154 creatures vanquished.

Grand Total: 2921 creatures vanquished

Notes
Turn   | Place    | Note
-------+----------+-------------------------------------------
     0 | D:1      | Jesh the Spriggan Enchanter began the quest for the Orb.
     0 | D:1      | Reached XP level 1. HP: 9/9 MP: 5/5
   118 | D:1      | Gained mutation: Your flesh is heat resistant. (rF+)
                  | [potion of mutation]
   118 | D:1      | Gained mutation: Your flesh is very heat resistant. (rF++)
                  | [potion of mutation]
   118 | D:1      | Gained mutation: You have large cloven feet. [potion of
                  | mutation]
   250 | D:1      | Reached skill level 3 in Spellcasting
   448 | D:1      | Reached XP level 2. HP: 8/13 MP: 5/7
   473 | D:2      | Learned a level 2 spell: Ensorcelled Hibernation
   490 | D:2      | Found a white marble altar of Elyvilon.
  1582 | D:2      | Reached XP level 3. HP: 16/16 MP: 9/9
  1587 | D:2      | Learned a level 3 spell: Confuse
  1591 | D:2      | Learned a level 3 spell: Tukima's Dance
  1715 | D:1      | Reached skill level 4 in Spellcasting
  1980 | D:2      | Found a burning altar of Makhleb.
  2519 | D:3      | Reached skill level 5 in Hexes
  2519 | D:3      | Reached XP level 4. HP: 15/21 MP: 7/11
  3066 | D:3      | Reached skill level 5 in Spellcasting
  3066 | D:3      | Reached XP level 5. HP: 15/24 MP: 5/13
  3071 | D:3      | Learned a level 3 spell: Dazzling Spray
  3075 | D:3      | HP: 1/24 [orc wizard/magic dart (7)]
  3435 | D:3      | Reached skill level 5 in Stealth
  4234 | D:4      | Reached XP level 6. HP: 28/28 MP: 9/14
  5222 | D:4      | Reached XP level 7. HP: 32/32 MP: 15/15
  5255 | D:4      | Found a staircase to the Ecumenical Temple.
  5271 | Temple   | Entered the Ecumenical Temple
  5465 | Temple   | Became a worshipper of Dithmenos the Shadowed
  5690 | D:5      | Entered Level 5 of the Dungeon
  5847 | D:5      | Reached skill level 10 in Stealth
  6517 | D:5      | Reached XP level 8. HP: 36/36 MP: 16/16
  6523 | D:5      | Reached * piety under Dithmenos
  7194 | D:6      | Reached skill level 15 in Stealth
  7361 | D:6      | Reached XP level 9. HP: 31/40 MP: 5/17
  7598 | D:6      | Reached skill level 1 in Fighting
  8197 | D:7      | Reached ** piety under Dithmenos
  8208 | D:7      | Reached skill level 6 in Spellcasting
  8538 | D:7      | Reached skill level 5 in Dodging
  8637 | D:7      | Found a glowing silver altar of Zin.
  8802 | D:7      | Found a hazy altar of Hepliaklqana.
  8802 | D:7      | Found an ancient bone altar of Kikubaaqudgha.
  8803 | D:7      | Found a glowing silver altar of Zin.
  9301 | D:8      | Noticed a two-headed ogre
  9322 | D:8      | Killed a two-headed ogre
  9322 | D:8      | Reached XP level 10. HP: 49/49 MP: 8/21
  9513 | D:8      | Found a shattered altar of Ashenzari.
  9668 | D:8      | Identified a scroll of acquirement
 10006 | D:9      | Found Voeq Bimm's Weapon Shop.
 10018 | D:9      | Reached skill level 7 in Spellcasting
 10312 | D:9      | Found a runed gate.
 10313 | D:9      | Found a runed gate.
 10313 | D:9      | Found a runed gate.
 10314 | D:9      | Noticed Napalmbreeze's ghost (novice TeAE)
 10315 | D:9      | Noticed Sar's ghost (novice DEAK)
 10332 | D:9      | Noticed Erica
 10336 | D:9      | Killed Erica
 10336 | D:9      | Reached skill level 5 in Short Blades
 10851 | D:9      | Reached *** piety under Dithmenos
 11193 | D:9      | Killed Napalmbreeze's ghost
 11193 | D:9      | Reached skill level 8 in Spellcasting
 11210 | D:9      | Killed Sar's ghost
 11210 | D:9      | Reached XP level 11. HP: 52/53 MP: 11/24
 11342 | D:10     | Entered Level 10 of the Dungeon
 11448 | D:10     | Noticed a brown ugly thing
 11462 | D:10     | Killed a brown ugly thing
 11672 | D:10     | Found a roughly hewn altar of Beogh.
 11672 | D:10     | Found a staircase to the Orcish Mines.
 11704 | D:10     | Reached **** piety under Dithmenos
 12067 | D:10     | Noticed a two-headed ogre
 12074 | D:10     | Killed a two-headed ogre
 12186 | D:11     | Found Zarutwomn's Antique Weapon Shop.
 12469 | D:11     | Reached ***** piety under Dithmenos
 12661 | D:11     | Reached skill level 5 in Fighting
 12661 | D:11     | Reached skill level 9 in Spellcasting
 12666 | D:11     | Found a staircase to the Lair.
 13084 | D:12     | Found a runed gate.
 13084 | D:12     | Found a runed gate.
 13084 | D:12     | Found a runed gate.
 13086 | D:12     | Noticed tidbits's ghost (journeyman GnSu)
 13192 | D:12     | Reached skill level 10 in Hexes
 13299 | D:12     | Noticed an unseen horror
 13310 | D:12     | Killed an unseen horror
 13391 | D:12     | Noticed a two-headed ogre
 13400 | D:12     | Killed a two-headed ogre
 13400 | D:12     | Reached XP level 12. HP: 60/60 MP: 22/26
 13407 | D:12     | Noticed a two-headed ogre
 13428 | D:12     | Killed a two-headed ogre
 13428 | D:12     | Reached skill level 10 in Dodging
 13729 | D:12     | Killed tidbits's ghost
 14031 | D:12     | Reached skill level 10 in Spellcasting
 14470 | D:13     | Noticed a catoblepas
 14476 | D:13     | Killed a catoblepas
 14796 | D:13     | Noticed a four-headed hydra
 14803 | D:13     | Killed a four-headed hydra
 14841 | D:13     | Noticed a two-headed ogre
 14860 | D:13     | Killed a two-headed ogre
 14909 | D:13     | Found a gate to the Vaults.
 15132 | D:13     | Reached XP level 13. HP: 65/65 MP: 22/28
 15701 | D:14     | Learned a level 5 spell: Summon Mana Viper
 16293 | Lair:1   | Entered Level 1 of the Lair of Beasts
 16494 | Lair:1   | Reached skill level 1 in Summonings
 16710 | Lair:1   | Reached skill level 11 in Spellcasting
 16990 | Lair:1   | Noticed Urug
 16997 | Lair:1   | Killed Urug
 17628 | Lair:2   | Found a labyrinth entrance.
 17636 | Lab      | Entered a labyrinth
 18282 | Lab      | Noticed a minotaur
 18291 | Lab      | Killed a minotaur
 18291 | Lab      | Reached ****** piety under Dithmenos
 18298 | Lab      | Got a glittering ruby amulet
 18306 | Lab      | Learned a level 6 spell: Invisibility
 18309 | Lair:2   | Identified the amulet "Ibuoc" {rElec Regen+ Dex+5 Stlth+}
                  | (You took it off a minotaur in a labyrinth)
 19319 | Lair:3   | Found a staircase to the Snake Pit.
 19369 | Lair:3   | Reached XP level 14. HP: 72/72 MP: 30/30
 21292 | Lair:4   | Found a staircase to the Swamp.
 21471 | Lair:5   | Noticed Kirke
 21473 | Lair:5   | Killed Kirke
 21812 | Lair:5   | Got a shimmering quick blade
 21813 | Lair:5   | Identified the +5 quick blade "Vegiutag" {pierce, *Contam
                  | rElec Str+8} (You acquired it on level 5 of the Lair of
                  | Beasts)
 21968 | Lair:5   | Reached skill level 10 in Short Blades
 22076 | Lair:5   | Learned a level 4 spell: Cause Fear
 22082 | Lair:5   | Learned a level 5 spell: Silence
 22793 | Lair:6   | Entered Level 6 of the Lair of Beasts
 22864 | Lair:6   | Reached skill level 12 in Spellcasting
 23014 | Lair:6   | Found a staircase to the Slime Pits.
 23201 | Slime:1  | Entered Level 1 of the Pits of Slime
 23201 | Slime:1  | Noticed an acid blob
 23579 | Lair:6   | Reached XP level 15. HP: 77/77 MP: 25/32
 23926 | Lair:6   | Reached skill level 15 in Hexes
 24425 | Lair:6   | Found a runed door.
 25038 | Orc:1    | Entered Level 1 of the Orcish Mines
 25312 | Orc:2    | Entered Level 2 of the Orcish Mines
 25334 | Orc:2    | Noticed an orc warlord
 25341 | Orc:2    | Killed an orc warlord
 25733 | Orc:1    | Noticed an orc warlord
 25757 | Orc:1    | Killed an orc warlord
 26257 | Orc:2    | Found a gateway to a bazaar.
 26274 | Bazaar   | Entered a bazaar
 26276 | Bazaar   | Found Cotsisew's Distillery.
 26280 | Bazaar   | Found Xiroc's Distillery.
 26280 | Bazaar   | Found Woariof Idyrph's General Store.
 26280 | Bazaar   | Found Fidachyci's Food Boutique.
 26311 | Bazaar   | Bought a scroll of identify for 32 gold pieces
 26311 | Bazaar   | Bought a potion of flight for 48 gold pieces
 26311 | Bazaar   | Bought a potion of flight for 48 gold pieces
 26319 | Bazaar   | Bought a potion of magic for 80 gold pieces
 26319 | Bazaar   | Bought a potion of agility for 40 gold pieces
 26319 | Bazaar   | Bought a potion of curing for 30 gold pieces
 26319 | Bazaar   | Bought a potion of heal wounds for 50 gold pieces
 26319 | Bazaar   | Bought a potion of heal wounds for 50 gold pieces
 26319 | Bazaar   | Bought a potion of heal wounds for 50 gold pieces
 26319 | Bazaar   | Bought 2 potions of flight for 60 gold pieces
 26319 | Bazaar   | Bought 2 potions of curing for 60 gold pieces
 26319 | Bazaar   | Bought a potion of flight for 30 gold pieces
 26319 | Bazaar   | Bought a potion of brilliance for 40 gold pieces
 26319 | Bazaar   | Bought a potion of magic for 80 gold pieces
 26319 | Bazaar   | Bought a potion of agility for 40 gold pieces
 26327 | Bazaar   | Bought a potion of magic for 72 gold pieces
 26327 | Bazaar   | Bought a potion of curing for 27 gold pieces
 26327 | Bazaar   | Bought a potion of might for 36 gold pieces
 26327 | Bazaar   | Bought a potion of brilliance for 36 gold pieces
 26327 | Bazaar   | Bought a potion of heal wounds for 45 gold pieces
 26327 | Bazaar   | Bought 2 potions of brilliance for 72 gold pieces
 26327 | Bazaar   | Bought a potion of brilliance for 36 gold pieces
 26327 | Bazaar   | Bought a potion of mutation for 72 gold pieces
 26327 | Bazaar   | Bought a potion of mutation for 72 gold pieces
 26327 | Bazaar   | Bought a potion of flight for 27 gold pieces
 26391 | Orc:2    | Noticed an orc warlord
 26395 | Orc:2    | Killed an orc warlord
 26396 | Orc:2    | Noticed Saint Roka
 26396 | Orc:2    | Noticed Nergalle
 26396 | Orc:2    | Found a roughly hewn altar of Beogh.
 26396 | Orc:2    | Found Viteil's General Store.
 26398 | Orc:2    | Found Qigait's Antique Armour Shop.
 26401 | Orc:2    | Killed Saint Roka
 26402 | Orc:2    | Paralysed by an orc sorcerer for 4 turns
 27064 | Orc:2    | Killed Nergalle
 27102 | Orc:2    | Found Imapits's Jewellery Shop.
 27305 | Orc:2    | Bought a spiked cloak for 199 gold pieces
 27305 | Orc:2    | Identified the cursed -4 cloak "Heofatuc" {Int+3 Dex-4
                  | Stlth+} (You bought it in a shop on level 2 of the Orcish
                  | Mines)
 27422 | Orc:2    | Bought a scroll of teleportation for 42 gold pieces
 27422 | Orc:2    | Bought a scroll of brand weapon for 280 gold pieces
 27422 | Orc:2    | Bought a scroll of remove curse for 42 gold pieces
 27422 | Orc:2    | Bought a potion of curing for 42 gold pieces
 27422 | Orc:2    | Bought a scroll of brand weapon for 280 gold pieces
 27456 | Orc:2    | Found a staircase to the Elven Halls.
 27669 | Orc:2    | Found Casy's Antique Weapon Shop.
 27795 | Elf:1    | Entered Level 1 of the Elven Halls
 27808 | Elf:1    | Reached skill level 13 in Spellcasting
 27869 | Elf:1    | Learned a level 8 spell: Discord
 28321 | Elf:1    | You fall through a shaft!
 28334 | Elf:2    | Reached XP level 16. HP: 84/84 MP: 28/34
 28728 | Elf:2    | Noticed a deep elf blademaster
 28730 | Elf:2    | Killed a deep elf blademaster
 29136 | Elf:2    | Found a runed gate.
 29136 | Elf:2    | Found a runed gate.
 29137 | Elf:2    | Found a runed gate.
 29504 | Elf:2    | Reached skill level 15 in Dodging
 30819 | Elf:1    | Reached skill level 14 in Spellcasting
 30965 | Elf:3    | Entered Level 3 of the Elven Halls
 31078 | Elf:3    | Found Odankywo's Assorted Antiques.
 31082 | Elf:3    | Bought a scroll of magic mapping for 112 gold pieces
 31082 | Elf:3    | Bought a scroll of identify for 64 gold pieces
 31082 | Elf:3    | Bought a scroll of identify for 64 gold pieces
 31082 | Elf:3    | Bought a scroll labeled GADIUN KACSUHOIT for 32 gold pieces
 31082 | Elf:3    | Bought a scroll of identify for 64 gold pieces
 31082 | Elf:3    | Bought a scroll of identify for 64 gold pieces
 31187 | Elf:3    | Reached XP level 17. HP: 88/88 MP: 29/36
 31985 | D:15     | Entered Level 15 of the Dungeon
 32455 | D:15     | Reached skill level 10 in Fighting
 32842 | D:15     | Found a glowing golden altar of the Shining One.
 32843 | D:15     | Found a runed door.
 33483 | D:15     | Found a staircase to the Depths.
 33827 | Depths:1 | Entered Level 1 of the Depths
 33865 | Depths:1 | Found a one-way gate leading to the halls of Pandemonium.
 34570 | Depths:1 | Found a gateway to Hell.
 35609 | Depths:1 | Found Honayc's Humungous Hoard.
 35617 | Depths:1 | Bought a potion of heal wounds for 55 gold pieces
 35617 | Depths:1 | Bought a scroll of holy word for 82 gold pieces
 35617 | Depths:1 | Bought a potion of haste for 110 gold pieces
 35617 | Depths:1 | Bought a manual of Hexes for 1214 gold pieces
 35896 | Depths:2 | Reached XP level 18. HP: 95/95 MP: 32/37
 35899 | Depths:2 | Found a large runed door.
 35900 | Depths:2 | Found a large runed door.
 36347 | Depths:2 | Reached skill level 15 in Spellcasting
 36685 | Depths:2 | Gained mutation: You are dopey. (Int -2) [a Zot trap]
 36685 | Depths:2 | Gained mutation: You are very dopey. (Int -4) [a Zot trap]
 36829 | Depths:2 | Noticed Nikola
 36856 | Depths:2 | Killed Nikola
 37200 | Depths:2 | Got a colourful robe
 37201 | Depths:2 | Identified the +0 robe of the Dice {rElec Dex-5 Stlth+}
                  | (You took it off a yaktaur on level 2 of the Depths)
 37231 | Depths:2 | Found a gateway to a ziggurat.
 38437 | Depths:2 | Got a bloodstained cloak
 38438 | Depths:2 | Identified the cursed +0 cloak of Yrowewa {rPois rC+ Regen+
                  | Int+3} (You found it on level 2 of the Depths)
 38804 | Depths:3 | Found the +3 hat of Pondering {ponderous, MR+ MP+10 Int+5}
 38857 | Depths:3 | Noticed a lich
 39033 | Depths:3 | Noticed a lich
 39277 | Depths:3 | Killed a lich
 39277 | Depths:3 | Reached XP level 19. HP: 67/100 MP: 19/39
 39493 | Depths:3 | Noticed Asterion
 39508 | Depths:3 | Killed Asterion
 39819 | Depths:3 | Reached skill level 16 in Spellcasting
 40301 | Depths:3 | Got a warped pewter ring
 40302 | Depths:3 | Identified the ring of the Enemy {rPois rN+ Str+2} (You
                  | found it on level 3 of the Depths)
 40388 | Depths:3 | Noticed a caustic shrike
 40453 | Depths:2 | Killed a caustic shrike
 42237 | Snake:1  | Entered Level 1 of the Snake Pit
 42347 | Snake:1  | Found Ugieg's Magic Scroll Emporium.
 42347 | Snake:1  | Found Opny's Magic Scroll Shoppe.
 42349 | Snake:1  | Found Juett's General Store.
 42350 | Snake:1  | Found Wugg's General Store.
 42371 | Snake:1  | Bought a scroll of teleportation for 39 gold pieces
 42371 | Snake:1  | Bought a scroll of identify for 26 gold pieces
 42371 | Snake:1  | Bought a scroll of teleportation for 39 gold pieces
 42380 | Snake:1  | Bought a ration for 85 gold pieces
 42380 | Snake:1  | Bought a ration for 85 gold pieces
 42380 | Snake:1  | Bought a potion of heal wounds for 85 gold pieces
 42383 | Snake:1  | Bought a scroll of teleportation for 39 gold pieces
 42386 | Snake:1  | Bought a potion of curing for 33 gold pieces
 42386 | Snake:1  | Bought a potion of resistance for 110 gold pieces
 43597 | Snake:2  | Lost mutation: You have large cloven feet. [potion of
                  | mutation]
 43597 | Snake:2  | Lost mutation: You are very dopey. (Int -4) [potion of
                  | mutation]
 43597 | Snake:2  | Lost mutation: You are dopey. (Int -2) [potion of mutation]
 43597 | Snake:2  | Gained mutation: You tend to lose your temper in combat.
                  | [potion of mutation]
 43597 | Snake:2  | Gained mutation: You are frail. (-10% HP) [potion of
                  | mutation]
 43597 | Snake:2  | Gained mutation: Your spells are a little harder to cast,
                  | but a little more powerful. [potion of mutation]
 43598 | Snake:2  | Lost mutation: Your spells are a little harder to cast, but
                  | a little more powerful. [potion of mutation]
 43598 | Snake:2  | Gained mutation: You are clumsy. (Dex -2) [potion of
                  | mutation]
 43598 | Snake:2  | Gained mutation: You are partially covered in slimy green
                  | scales. (AC +2) [potion of mutation]
 43598 | Snake:2  | Gained mutation: Potions are less effective at restoring
                  | your health. [potion of mutation]
 43598 | Snake:2  | Gained mutation: You are surrounded by a mild repulsion
                  | field. (EV +2) [potion of mutation]
 43599 | Snake:2  | Lost mutation: Potions are less effective at restoring your
                  | health. [potion of mutation]
 43599 | Snake:2  | Lost mutation: You are clumsy. (Dex -2) [potion of
                  | mutation]
 43599 | Snake:2  | Gained mutation: You are very frail. (-20% HP) [potion of
                  | mutation]
 43599 | Snake:2  | Gained mutation: You are partially covered in icy blue
                  | scales. (AC +2) [potion of mutation]
 43600 | Snake:2  | Lost mutation: Your flesh is very heat resistant. (rF++)
                  | [potion of mutation]
 43600 | Snake:2  | Lost mutation: You are very frail. (-20% HP) [potion of
                  | mutation]
 43600 | Snake:2  | Gained mutation: You are very frail. (-20% HP) [potion of
                  | mutation]
 43600 | Snake:2  | Lost mutation: You are very frail. (-20% HP) [potion of
                  | mutation]
 43600 | Snake:2  | Gained mutation: You evolve. [potion of mutation]
 43635 | Snake:2  | Found Wuyck's General Store.
 44022 | Snake:2  | Found a runed door.
 44540 | Snake:2  | Got a faintly glowing golden amulet
 44541 | Snake:2  | Identified the amulet "Texaunlu" {Acrobat rElec} (You took
                  | it off a naga mage on level 2 of the Snake Pit)
 44782 | Snake:3  | Noticed Vashnia
 44784 | Snake:3  | Killed Vashnia
 44785 | Snake:3  | Reached XP level 20. HP: 90/96 MP: 36/41
 45346 | Snake:3  | Reached skill level 17 in Spellcasting
 45446 | Snake:3  | Found Usakir's Book Boutique.
 45982 | Snake:4  | Entered Level 4 of the Snake Pit
 45987 | Snake:4  | Found a runed gate.
 45987 | Snake:4  | Found a runed gate.
 45988 | Snake:4  | Found a runed gate.
 45991 | Snake:4  | Noticed P0WERM0DE's ghost (journeyman DDFi)
 45994 | Snake:4  | Killed P0WERM0DE's ghost
 46000 | Snake:4  | Identified Wacwiur's Volume of Vitriolic Talismans
 46464 | Snake:4  | Gained mutation: You are resistant to hostile enchantments.
                  | (MR+) [evolution]
 47869 | Swamp:1  | Entered Level 1 of the Swamp
 48617 | Swamp:1  | You fall through a shaft!
 49158 | Swamp:2  | Found a runed gate.
 49158 | Swamp:2  | Found a runed gate.
 49158 | Swamp:2  | Found a runed gate.
 50170 | Swamp:2  | Noticed P0WERM0DE's ghost (journeyman DDFi)
 50172 | Swamp:2  | Noticed Imuprial's ghost (journeyman MiFi)
 50208 | Swamp:2  | Killed Imuprial's ghost
 50225 | Swamp:2  | Killed P0WERM0DE's ghost
 50702 | Swamp:3  | Found a frozen archway.
 50713 | IceCv    | Entered an ice cave
 51988 | IceCv    | Reached XP level 21. HP: 100/100 MP: 43/43
 51992 | IceCv    | Found the +2 pair of boots of the Assassin {Detection Stab+
                  | Stlth++}
 51999 | IceCv    | Identified the Grimoire of Doomed Cold
 53569 | Swamp:4  | Entered Level 4 of the Swamp
 53623 | Swamp:4  | Reached skill level 18 in Spellcasting
 53883 | Swamp:4  | Got a decaying rune of Zot
 54550 | Vaults:1 | Entered Level 1 of the Vaults
 55032 | Vaults:1 | Got a smoking steel ring
 55033 | Vaults:1 | Identified the ring of Egra {MR- Str+6 Dex+6} (You found it
                  | on level 1 of the Vaults)
 55057 | Vaults:1 | Learned a level 5 spell: Dispel Undead
 55253 | Vaults:1 | Reached skill level 1 in Necromancy
 56124 | Vaults:1 | Found Rioqyran's Food Boutique.
 56128 | Vaults:1 | Bought a ration for 65 gold pieces
 56128 | Vaults:1 | Bought a ration for 65 gold pieces
 56128 | Vaults:1 | Bought a ration for 65 gold pieces
 56128 | Vaults:1 | Bought a ration for 65 gold pieces
 56128 | Vaults:1 | Bought a ration for 65 gold pieces
 56128 | Vaults:1 | Bought a ration for 65 gold pieces
 56128 | Vaults:1 | Bought a ration for 65 gold pieces
 56128 | Vaults:1 | Bought a ration for 65 gold pieces
 56128 | Vaults:1 | Bought a ration for 65 gold pieces
 56128 | Vaults:1 | Bought a ration for 65 gold pieces
 58308 | Vaults:2 | Reached skill level 5 in Necromancy
 58596 | Vaults:2 | Found a staircase to the Crypt.
 58684 | Vaults:2 | Found Xeuc's Gadget Emporium.
 58833 | Vaults:3 | Noticed Sojobo
 58838 | Vaults:3 | Reached XP level 22. HP: 107/107 MP: 37/45
 58839 | Vaults:3 | Killed Sojobo
 59189 | Vaults:3 | Noticed Mara
 59191 | Vaults:3 | Killed Mara
 59810 | Vaults:3 | Reached skill level 19 in Spellcasting
 60175 | Vaults:3 | Found Xediem Xont's Antique Weapon Shop.
 61984 | Snake:4  | Got a serpentine rune of Zot
 63431 | Elf:3    | Identified the +9 acid dragon scales of Parlour Games
                  | {-Cast rElec rCorr Str+4 Stlth+} (You found it on level 3
                  | of the Elven Halls)
 64116 | Elf:3    | Reached XP level 23. HP: 109/112 MP: 34/47
 64199 | Elf:3    | Identified the Papyrus of the Frostbite and Feathers
 64208 | Elf:3    | Identified the +5 short sword of Uncertain Death {flame,
                  | rN+ Int+4 Dex-4 Stlth+} (You found it on level 3 of the
                  | Elven Halls)
 64237 | Elf:3    | Identified the +10 short sword "Vimucio" {venom, rPois rN+
                  | Int-4} (You took it off a deep elf mage on level 3 of the
                  | Elven Halls)
 64456 | Elf:3    | Found Odankywo's Assorted Antiques.
 65540 | Crypt:1  | Entered Level 1 of the Crypt
 65562 | Crypt:1  | Reached skill level 20 in Spellcasting
 67465 | Crypt:2  | Noticed Donald
 67467 | Crypt:2  | Killed Donald
 67474 | Crypt:2  | Noticed Xtahua
 67507 | Crypt:2  | Killed Xtahua
 67906 | Crypt:2  | Reached skill level 15 in Fighting
 67928 | Crypt:2  | Noticed Boris
 68318 | Crypt:3  | Entered Level 3 of the Crypt
 68354 | Crypt:3  | Found a staircase to the Tomb.
 69308 | Crypt:3  | Found a basalt altar of Yredelemnul.
 69420 | Crypt:3  | Reached skill level 21 in Spellcasting
 70425 | Crypt:3  | Lost mutation: You are frail. (-10% HP) [evolution]
 70653 | Crypt:3  | Got a twitching granite ring
 70653 | Crypt:3  | Got a translucent silver ring
 70653 | Crypt:3  | Got a crude lead ring
 70655 | Crypt:3  | Identified the ring "Nowielar" {rPois rF- rN+ Int+3} (You
                  | found it on level 3 of the Crypt)
 70657 | Crypt:3  | Identified the ring "Kixtoodi" {rN+ Slay+2} (You found it
                  | on level 3 of the Crypt)
 70659 | Crypt:3  | Identified the ring "Fauraqem" {rN+ Int+6} (You found it on
                  | level 3 of the Crypt)
 71209 | Vaults:4 | Found a runed door.
 71212 | Vaults:4 | Noticed Vigato's ghost (adept MiFi)
 71218 | Vaults:4 | Killed Vigato's ghost
 71221 | Vaults:4 | Got a bound amber ring
 71222 | Vaults:4 | Identified the cursed ring "Iweuhoim" {*Contam MP+9 Str+6
                  | Dex-3} (You found it on level 4 of the Vaults)
 71963 | Vaults:4 | Reached XP level 24. HP: 133/133 MP: 49/49
 73049 | Vaults:5 | Entered Level 5 of the Vaults
 73178 | Vaults:5 | Got a shimmering tin amulet
 73179 | Vaults:5 | Identified the amulet of Joy {RegenMP -Tele rN+ Str+4
                  | Stlth+} (You found it on level 5 of the Vaults)
 73623 | Vaults:5 | Reached skill level 22 in Spellcasting
 74259 | Vaults:5 | Identified the +1 robe of Restlessness {*Corrode MR+
                  | Regen+} (You took it off a deep elf mage on level 5 of the
                  | Vaults)
 74378 | Vaults:5 | Got a silver rune of Zot
 74694 | Vaults:5 | Noticed an ancient lich
 74707 | Vaults:5 | Killed an ancient lich
 75137 | Vaults:5 | Got a scintillating platinum amulet
 75138 | Vaults:5 | Identified the amulet of Coupt {Spirit MR+ MP-9 Str+4
                  | Slay+3} (You took it off a tengu reaver on level 5 of the
                  | Vaults)
 75144 | Vaults:5 | Got a fine zirconium amulet
 75145 | Vaults:5 | Identified the amulet of Jeizxaom {Faith rPois MR- Dex+6
                  | SInv} (You took it off an ironbrand convoker on level 5 of
                  | the Vaults)
 77019 | Vaults:5 | Learned a level 6 spell: Shadow Creatures
 78712 | Depths:4 | Found an ornate altar of the Wu Jian Council.
 78757 | Depths:4 | Reached XP level 25. HP: 97/140 MP: 42/50
 78767 | Depths:4 | Found a one-way gate to the infinite horrors of the Abyss.
 79080 | Depths:4 | Reached skill level 23 in Spellcasting
 79201 | Depths:4 | Reached skill level 5 in Summonings
 79482 | Depths:5 | Entered Level 5 of the Depths
 80059 | Depths:5 | Found a shattered altar of Ashenzari.
 80392 | Depths:5 | Found a sparkling altar of Nemelex Xobeh.
 80644 | Depths:5 | Noticed a juggernaut
 80646 | Depths:5 | Killed a juggernaut
 80722 | Depths:5 | Found a glowing silver altar of Zin.
 81141 | Depths:5 | Found a shadowy altar of Dithmenos.
 81237 | Depths:5 | Gained mutation: Your magical capacity is low. (-10% MP)
                  | [mutagenic glow]
 82928 | Depths:5 | Found a gate to the Realm of Zot.
 83302 | Zot:1    | Entered Level 1 of the Realm of Zot
 83344 | Zot:1    | Gained mutation: Your system is resistant to poisons.
                  | (rPois) [evolution]
 84453 | Zot:1    | Reached skill level 10 in Summonings
 84492 | Zot:1    | Reached skill level 24 in Spellcasting
 84492 | Zot:1    | Reached XP level 26. HP: 123/147 MP: 31/46
 84719 | Zot:1    | Noticed an orb of fire
 84722 | Zot:1    | Lost mutation: Your magical capacity is low. (-10% MP) [an
                  | orb of fire]
 84761 | Zot:1    | Killed an orb of fire
 84997 | Zot:1    | Found a large runed door.
 84998 | Zot:1    | Found a large runed door.
 85001 | Zot:1    | Noticed Siennil's ghost (legendary MfGl)
 85008 | Zot:1    | Killed Siennil's ghost
 85009 | Zot:1    | Identified the Incunabulum of Flying Attacks
 86707 | Zot:3    | Reached skill level 25 in Spellcasting
 88298 | Zot:3    | Noticed an orb of fire
 88300 | Zot:3    | Killed an orb of fire
 89529 | Zot:4    | Reached XP level 27. HP: 155/155 MP: 53/53
 90039 | Zig:1    | Entered Level 1 of a ziggurat
 90049 | Zig:1    | Reached skill level 26 in Spellcasting
 90250 | Zig:1    | Learned a level 6 spell: Deflect Missiles
 90269 | Zig:2    | Entered Level 2 of a ziggurat
 90283 | Zig:2    | Reached skill level 1 in Charms
 90315 | Zig:3    | Entered Level 3 of a ziggurat
 90327 | Zig:3    | Reached skill level 1 in Air Magic
 90710 | Zig:4    | Entered Level 4 of a ziggurat
 90734 | Zig:5    | Entered Level 5 of a ziggurat
 91034 | Zig:6    | Entered Level 6 of a ziggurat
 91362 | Zig:7    | Entered Level 7 of a ziggurat
 91418 | Zig:7    | Reached skill level 5 in Charms
 91569 | Zig:7    | Identified the Compendium of Companions and the Snowflakes
 91574 | Zig:8    | Entered Level 8 of a ziggurat
 91892 | Zig:9    | Entered Level 9 of a ziggurat
 91984 | Zig:9    | Lost mutation: Your system is resistant to poisons. (rPois)
                  | [evolution]
 92212 | Zig:9    | Identified the Compendium of Floating Aid
 92230 | Zig:10   | Entered Level 10 of a ziggurat
 92241 | Zig:10   | Noticed a juggernaut
 92322 | Zig:10   | Killed a juggernaut
 92535 | Zig:10   | Got a transparent granite ring
 92536 | Zig:10   | Identified the ring "Muh Koga" {rF+++ MR- AC+2 Dex-4
                  | Stlth+} (You found it on level 10 of a ziggurat)
 92808 | Zig:11   | Entered Level 11 of a ziggurat
 92817 | Zig:11   | Found the ring of Phasing {EV+8}
 93336 | Zig:11   | Identified the Papyrus of Evil Combat Magic
 93356 | Zig:12   | Entered Level 12 of a ziggurat
 93383 | Zig:12   | Reached skill level 5 in Air Magic
 93739 | Zig:13   | Entered Level 13 of a ziggurat
 94292 | Zig:14   | Entered Level 14 of a ziggurat
 94307 | Zig:14   | Noticed Hurecyri the pandemonium lord
 94335 | Zig:14   | HP: 6/155 [Tzitzimitl/bolt of cold (28)]
 94343 | Zig:15   | Entered Level 15 of a ziggurat
 94364 | Zig:15   | Reached skill level 10 in Charms
 94386 | Zig:15   | Gained mutation: You are weak. (Str -2) [mutagenic glow]
 94697 | Zig:15   | Identified the Reference Book on Destructive Protection
 94708 | Zig:15   | Got a twitching ivory ring
 94709 | Zig:15   | Identified the ring of Edinid {rPois rC+ MP-9 Str+2 Dex+4}
                  | (You found it on level 15 of a ziggurat)
 94716 | Zig:15   | Identified Zisch's Volume of Dusty Changing
 94730 | Zig:15   | Learned a level 9 spell: Glaciate
 94734 | Zig:16   | Entered Level 16 of a ziggurat
 94757 | Zig:16   | Noticed a greater mummy
 94757 | Zig:16   | Noticed a greater mummy
 94758 | Zig:16   | Noticed a greater mummy
 94760 | Zig:16   | Found the +7 mace of Variability {chain chaos}
 94765 | Zig:16   | Reached skill level 27 in Spellcasting
 94775 | Zig:16   | HP: 7/155 [soul eater/drain life[a mummy priest's death
                  | curse] (14)]
 94781 | Zig:16   | HP: 1/155 [greater mummy/divine providence (12)]
 94782 | Zig:16   | Engulfed by an ushabti's foul pestilence

Vault maps used:
D:1:      lightli_arrival_maybe_door_vault
D:2:      nicolae_overflow_crystal_walls, lightli_temple_of_fire, st_stairs_12
D:4:      minmay_temple_entry_glassed_door, first_ration
D:5:      serial_park_tiny_2, eino_small_chamber_without_monster
D:7:      gammafunk_temple_overflow_forgotten, basic_altar
D:8:      ashenzari_altar_1
D:9:      gammafunk_ghost_cemetery, serial_shops, shop, uniq_erica
D:10:     david_orc_5
D:11:     grunt_lair_entry_orc_guard_hut, serial_shops, shop
D:12:     gammafunk_ghost_necromancy
D:13:     david_vaults_1, grunt_livestock
D:15:     grunt_enter_depths_hoard, lemuel_angel_altar
Temple:   regret_index_temple_sphere_string
Lair:1:   hibernation_bobbens, uniq_urug
Lair:2:   lab_entry_generic, beast_lair_carwin_6, grunt_megastairs_1
Lair:3:   minmay_snake_entry_six_corridors, lemuel_fruit_fields
Lair:4:   nicolae_swamp_entry_splash_gauntlet, lemuel_fruit_fields,
          serial_bayou_shore_a, grunt_megastairs_3
Lair:5:   bobbens_dragon_lair_wall, lemuel_fruit_fields, uniq_kirke
Lair:6:   wormcave, hangedman_lair_tendril_chambers, slime_dummy, st_stairs_9,
          infiniplex_staircase_pool_2, grunt_megastairs_5
Swamp:1:  evilmike_swamp_ruin_house_6
Swamp:2:  gammafunk_ghost_cemetery, hangedman_swamp_pad, swamp_pool1,
          hangedman_swamp_ravenous
Swamp:3:  portal_ice_cave_entry_pillars_three, evilmike_swamp_ruin_house_2,
          infiniplex_staircase_pool
Swamp:4:  swamp
Snake:1:  minmay_shoptagon
Snake:2:  minmay_shop_grid_forest, lightli_airlock
Snake:3:  serial_shops, shop_statue, grunt_ministairs_2, serial_bayou_crossing,
          uniq_vashnia
Snake:4:  johnstein_snake_rune_scales, ebering_ghost_rock_garden,
          basic_stair_grate_trap, serial_bayou_shore_b, lemuel_fruit_tree
Orc:2:    grunt_orc_cross, serial_shops, statue_bzr
Elf:1:    eino_elf_arrival_shootout, kennysheep_underground_church, hex_medium,
          minivault_4, grunt_megastairs_2
Elf:2:    hex_intersection
Elf:3:    nooodl_elf_gasket, serial_shops, nicolae_shop_behind_doors,
          uniq_saint_roka
Vaults:1: nicolae_vaults_little_squares_3, v_misc_19, st_star, v_misc_14,
          hangedman_vaults_stream, ontoclasm_vaults_ring_square,
          v_alt_pattern_6, hangedman_vaults_nodes, grunt_vaults_trifunnel,
          ontoclasm_vaults_tryst, nicolae_vaults_asterisk,
          vaults_room_stairs_pillars, vaults_standard_mumra_lines, serial_shops,
          shop
Vaults:2: st_eye, hangedman_vaults_stretched_pinwheel,
          minmay_crypt_entry_vampire_xt, hangedman_vaults_capsules,
          nicolae_vaults_rhombus_6, v_misc_27, vaults_room_corners,
          ontoclasm_vaults_idyll, v_rooms_3, v_misc_30, serial_shops, shop
Vaults:3: v_misc_8, v_rooms_4, vaults_room_large_hall,
          vaults_standard_mumra_enter_the_diamond, v_misc_10,
          nicolae_vaults_puzzle_piece, vaults_dpeg_diagonal,
          vaults_mumra_chevron, grunt_vaults_hallway_long,
          vaults_room_door_ring, grunt_vaults_hallway_long,
          ontoclasm_vaults_decontamination, nicolae_vaults_three_branches,
          nicolae_vaults_little_squares_2, nicolae_vaults_little_squares_2,
          serial_shops, shop_statue, uniq_sojobo, uniq_mara
Vaults:4: ebering_vaults_ghost_reflecting_pool, vaults_room_grid,
          nicolae_vaults_quartermaster, vaults_dpeg_encased_lava,
          nicolae_vaults_border_crossing, nicolae_vaults_network_quinsquares,
          v_misc_22, vaults_room_door_ring, vaults_room_fours, vaults_dpeg_ring,
          vaults_room_stairs_pillars
Vaults:5: serial_shops
Crypt:2:  uniq_boris, uniq_xtahua, uniq_donald
Crypt:3:  church_of_pain_bobbens
Depths:1: pan_entry, abandoned_shop, grunt_hell_entry_dis_grunt,
          nicolae_alphabet_shops, minmay_door_square, hangedman_decor_slide_cut,
          abandoned_shop, minivault_22, minivault_22, fountainhead,
          kennysheep_pointless_box, grunt_ministairs_12, minmay_hedge_maze,
          kennysheep_small_square
Depths:2: lightli_eight_chambers, enter_ziggurat_c,
          serial_sigils_hangedman_confine, hell_entry,
          infiniplex_staircase_squiggle, firewood_loft, uniq_nikola
Depths:3: minmay_the_grid_4x2, serial_co_window_serial, co_window_paths_a,
          co_window_paths_a, co_window_paths_a, co_window_corner_a,
          co_window_paths_a, co_window_unsneaky_path_b, co_window_broadway_a,
          co_window_corner_b, co_window_2corner, glass_columns_a,
          glass_columns_a, glass_columns_a, glass_columns_a, hell_entry,
          pan_entry, uniq_asterion
Depths:4: hangedman_elemental_death_ray, hangedman_geh_valley,
          lemuel_statue_altar, abyss_entry_crystal, dk_noncrumbling_4
Depths:5: grunt_profane_halls, hell_entry, pan_entry
Zot:1:    ebering_ghost_disaster_area
Zot:3:    hangedman_snake_sidewinding
Zig:3:    ziggurat_pillar_centre_c
Zig:8:    ziggurat_pillar_centre_dead_trees
Zig:10:   ziggurat_pillar_centre_oklobs
Lab:      labyrinth_green, lab_block, lab_hedge, labyrinth_lava_lair,
          nicolae_lab_garden, nicolae_lab_x, lab_statue,
          nicolae_lab_checkerboard
Bazaar:   bazaar_minmay_cross
IceCv:    ice_cave_caverns_01

Skill      XL: |  1  2  3  4  5  6  7  8  9 10 11 12 13 14 15 16 17 18 19 20 21 22 23 24 25 26 27 |
---------------+----------------------------------------------------------------------------------+-----
Spellcasting   | 3 4 5 6 8 9 10 11 12 13 14 15 16 17 18 19 21 22 24 25 27 | 27.0
Hexes          | 4 5 7 8 10 12 13 14 16 17 18 20 21 22 23 | 23.2
Stealth        | 6 9 12 15 16 17 18 19 20 21 22 23 24 25 | 25.3
Fighting       | 3 4 5 6 7 8 9 10 11 12 13 14 15 17 19 | 19.5
Short Blades   | 4 5 7 8 9 10 11 12 13 14 | 14.0
Dodging        | 6 8 9 11 12 13 14 15 16 17 18 20 21 22 24 25 | 25.0
Summonings     | 2 3 4 10 | 10.0
Necromancy     | 5 8 |  8.0
Charms         | 10 | 10.0
Air Magic      | 6 |  6.0
Ice Magic      | 4 |  4.9

Action                   |  1- 3 |  4- 6 |  7- 9 | 10-12 | 13-15 | 16-18 | 19-21 | 22-24 | 25-27 || total
-------------------------+-------+-------+-------+-------+-------+-------+-------+-------+-------++-------
Melee: Dagger            |   102 |    76 |   203 |   577 |   282 |       |       |       |       ||  1240
       Kick              |    19 |    13 |    31 |   123 |   270 |   291 |   136 |       |       ||   883
       Short sword       |       |       |       |       |    76 |       |       |       |       ||    76
       Quick blade       |       |       |       |       |   632 |   769 |  1479 |  1291 |   978 ||  5149
 Cast: Corona            |     4 |       |       |       |       |       |       |       |       ||     4
       Ensorcelled Hiber |    21 |    22 |    38 |    78 |    74 |     4 |    82 |    30 |    11 ||   360
       Confuse           |     1 |     6 |    26 |    28 |    25 |    49 |    75 |    44 |    11 ||   265
       Dazzling Spray    |       |     3 |     1 |    16 |    10 |    23 |    51 |    22 |    15 ||   141
       Tukima's Dance    |       |     2 |       |     1 |       |       |     1 |       |       ||     4
       Invisibility      |       |       |       |       |    19 |    26 |    35 |    27 |    33 ||   140
       Summon Mana Viper |       |       |       |       |       |     8 |    28 |    63 |    42 ||   141
       Silence           |       |       |       |       |       |     2 |     3 |       |       ||     5
       Discord           |       |       |       |       |       |     3 |    19 |    26 |    25 ||    73
       Dispel Undead     |       |       |       |       |       |       |     1 |    92 |     8 ||   101
       Shadow Creatures  |       |       |       |       |       |       |       |       |    14 ||    14
Invok: Shadow Step       |       |       |       |     3 |     7 |     7 |    16 |    10 |    16 ||    59
Evoke: Wand              |       |       |       |     7 |    12 |     6 |       |       |     1 ||    26
  Use: Scroll            |     7 |     5 |     7 |     8 |    19 |    12 |    14 |    32 |    34 ||   138
       Potion            |     1 |     4 |     1 |     5 |     6 |    10 |    27 |    12 |    24 ||    90
 Stab: Sleeping          |    21 |    18 |    38 |   102 |   231 |   122 |   239 |   171 |   129 ||  1071
       Confused          |       |     5 |    15 |    24 |    21 |    32 |    56 |    25 |     7 ||   185
       Distracted        |       |     1 |     1 |       |    10 |     4 |    25 |    39 |    27 ||   107
       Invisible         |       |       |       |     6 |   119 |   130 |   173 |   113 |   133 ||   674
  Eat: Ration            |       |     2 |     3 |     3 |    10 |    12 |    22 |    19 |    18 ||    89
Armor: Robe              |     8 |     1 |    23 |    28 |    29 |    12 |    42 |    31 |    29 ||   203
Dodge: Dodged            |    97 |    51 |   182 |   529 |   554 |   352 |   875 |   724 |   654 ||  4018

Table legend:
 A = Non-vault XP
 B = Vault XP
 C = Vault XP percentage of total XP
 D = Non-vault monster count
 E = Vault monster count
 F = Vault count percentage of total count
                 A         B        C        D         E       F
            +---------+---------+-------+---------+---------+-------
      Total |  911701 |  719657 |  44.1 |    1801 |    1036 |  36.5
            +---------+---------+-------+---------+---------+-------
        D:1 |      27 |       5 |  15.6 |      15 |       1 |   6.2
        D:2 |      54 |       6 |  10.0 |      18 |       2 |  10.0
        D:3 |     204 |       0 |   0.0 |      22 |       0 |   0.0
        D:4 |     481 |       0 |   0.0 |      22 |       0 |   0.0
        D:5 |    1144 |       0 |   0.0 |      25 |       0 |   0.0
        D:6 |    1121 |       0 |   0.0 |      23 |       0 |   0.0
        D:7 |    1803 |       0 |   0.0 |      32 |       0 |   0.0
        D:8 |    1390 |       0 |   0.0 |      11 |       0 |   0.0
        D:9 |    2977 |    2181 |  42.3 |      39 |       3 |   7.1
       D:10 |    3283 |     372 |  10.2 |      25 |      22 |  46.8
       D:11 |    3055 |     434 |  12.4 |      38 |       4 |   9.5
       D:12 |    6523 |    4505 |  40.9 |      31 |      10 |  24.4
       D:13 |    5998 |    3071 |  33.9 |      39 |       9 |  18.8
       D:14 |    8310 |       0 |   0.0 |      39 |       0 |   0.0
       D:15 |   23996 |    3715 |  13.4 |      58 |       3 |   4.9
     Lair:1 |    6341 |    1230 |  16.2 |      28 |       2 |   6.7
     Lair:2 |    2754 |    1503 |  35.3 |      11 |       8 |  42.1
     Lair:3 |    3565 |    1851 |  34.2 |      17 |      17 |  50.0
     Lair:4 |    4314 |    1379 |  24.2 |      28 |       6 |  17.6
     Lair:5 |    7520 |    7453 |  49.8 |      31 |      18 |  36.7
     Lair:6 |    4984 |   20859 |  80.7 |      16 |      63 |  79.7
    Swamp:1 |   12347 |       0 |   0.0 |      35 |       0 |   0.0
    Swamp:2 |   12802 |    7066 |  35.6 |      37 |      15 |  28.8
    Swamp:3 |   20093 |       0 |   0.0 |      41 |       0 |   0.0
    Swamp:4 |    8063 |   10709 |  57.0 |      13 |      25 |  65.8
    Snake:1 |   18506 |       0 |   0.0 |      39 |       0 |   0.0
    Snake:2 |   11942 |    4547 |  27.6 |      28 |      11 |  28.2
    Snake:3 |   24403 |   10140 |  29.4 |      38 |      11 |  22.4
    Snake:4 |   20354 |   32328 |  61.4 |      39 |      66 |  62.9
      Orc:1 |    4972 |       0 |   0.0 |      30 |       0 |   0.0
      Orc:2 |    9154 |   11063 |  54.7 |      53 |      32 |  37.6
      Elf:1 |   14618 |    6777 |  31.7 |      23 |      11 |  32.4
      Elf:2 |   24448 |   26366 |  51.9 |      43 |      32 |  42.7
      Elf:3 |   17422 |   46961 |  72.9 |      27 |      34 |  55.7
   Vaults:1 |   15145 |   20848 |  57.9 |      33 |      35 |  51.5
   Vaults:2 |   21522 |   29501 |  57.8 |      42 |      36 |  46.2
   Vaults:3 |   28433 |   34076 |  54.5 |      55 |      43 |  43.9
   Vaults:4 |   20887 |   21702 |  51.0 |      33 |      27 |  45.0
   Vaults:5 |   11417 |   99954 |  89.7 |      19 |      93 |  83.0
    Crypt:1 |   22439 |       0 |   0.0 |      37 |       0 |   0.0
    Crypt:2 |   28903 |    5779 |  16.7 |      37 |       2 |   5.1
    Crypt:3 |   21317 |   44779 |  67.7 |      27 |      73 |  73.0
   Depths:1 |   34099 |    5115 |  13.0 |      40 |       5 |  11.1
   Depths:2 |   31398 |   33329 |  51.5 |      36 |      42 |  53.8
   Depths:3 |   36463 |   46953 |  56.3 |      41 |      38 |  48.1
   Depths:4 |   32773 |    5728 |  14.9 |      40 |      13 |  24.5
   Depths:5 |    2227 |  114532 |  98.1 |       4 |     120 |  96.8
      Zot:1 |   53903 |    7998 |  12.9 |      30 |       1 |   3.2
      Zot:2 |   57291 |       0 |   0.0 |      40 |       0 |   0.0
      Zot:3 |   56928 |   26425 |  31.7 |      34 |      20 |  37.0
      Zot:4 |   20408 |       0 |   0.0 |       8 |       0 |   0.0
      Zig:1 |    1971 |       0 |   0.0 |       3 |       0 |   0.0
      Zig:2 |    3180 |       0 |   0.0 |       2 |       0 |   0.0
      Zig:3 |    3619 |       0 |   0.0 |       4 |       0 |   0.0
      Zig:4 |    5761 |       0 |   0.0 |       4 |       0 |   0.0
      Zig:5 |    5889 |       0 |   0.0 |       7 |       0 |   0.0
      Zig:6 |    2430 |     365 |  13.1 |       8 |       1 |  11.1
      Zig:7 |   10390 |      33 |   0.3 |       7 |       1 |  12.5
      Zig:8 |    5452 |       0 |   0.0 |      14 |       0 |   0.0
      Zig:9 |   10522 |       0 |   0.0 |      11 |       0 |   0.0
     Zig:10 |    9699 |    3716 |  27.7 |      20 |       7 |  25.9
     Zig:11 |    6344 |       0 |   0.0 |      23 |       0 |   0.0
     Zig:12 |   13743 |       0 |   0.0 |      18 |       0 |   0.0
     Zig:13 |    7996 |       0 |   0.0 |      33 |       0 |   0.0
     Zig:14 |    4136 |       0 |   0.0 |       9 |       0 |   0.0
     Zig:15 |   20967 |       0 |   0.0 |      26 |       0 |   0.0
     Zig:16 |   15081 |       0 |   0.0 |      42 |       0 |   0.0
        Lab |       0 |    2715 | 100.0 |       0 |      15 | 100.0
      IceCv |       0 |   11588 | 100.0 |       0 |      59 | 100.0
            +---------+---------+-------+---------+---------+-------
